 Dungeon Crawl Stone Soup version 0.29.1-13-g9f3cf754e1 (webtiles) character file.

Game seed: 4773613829463615244

637 tizbic2 the Grave Robber (level 7, -2/57 HPs)
             Began as a Demigod Necromancer on Feb 11, 2023.
             Killed by nerve-wracking pain
             ... invoked by a shadow imp
              (14 damage)
             ... on level 5 of the Dungeon.
             The game lasted 00:21:24 (5068 turns).

tizbic2 the Grave Robber (Demigod Necromancer)      Turns: 5068, Time: 00:21:25

Health: -2/57      AC:  7    Str: 13    XL:     7   Next: 4%
Magic:  17/17      EV: 10    Int: 21    God:
Gold:   188        SH:  0    Dex: 14    Spells: 7/15 levels left

rFire   . . .      SeeInvis .   g - +1 mace (holy)
rCold   . . .      Faith    .   (no shield)
rNeg    . . .      Spirit   .   o - +0 ring mail
rPois   .          Reflect  .   f - +1 helmet
rElec   .          Harm     .   (no cloak)
rCorr   .          Rampage  .   (no gloves)
Will    .....                   (no boots)
Stlth   +.........              (no amulet)
HPRegen 0.19/turn               (no ring)
MPRegen 0.15/turn               (no ring)

@: no status effects
A: high MP 1, forlorn, divine attributes
a: no special abilities


You were on level 5 of the Dungeon.
You visited 1 branch of the dungeon, and saw 5 of its levels.

You collected 188 gold pieces.

Inventory:

Hand Weapons
 a - a +2 spear of venom
 g - a +1 mace of holy wrath (weapon)
 k - a +0 hand axe
 r - a +2 dagger of venom
 w - a +0 sling
Missiles
 m - 9 poisoned darts
 p - 3 boomerangs
Armour
 d - a +0 scale mail
 f - a +1 helmet (worn)
 o - a +0 ring mail (worn)
 u - a +0 chain mail
Jewellery
 n - a ring of flight
Wands
 q - a wand of light (10)
 s - a wand of iceblast (1)
Scrolls
 i - 4 scrolls of teleportation
 j - a scroll of silence
 x - a scroll of poison {unknown}
Potions
 b - a potion of magic
 c - a potion of brilliance {unknown}
 e - 3 potions of attraction
 h - 3 potions of curing
 l - 3 potions of lignification
 v - a potion of degeneration {unknown}


   Skills:
 + Level 3.0 Fighting
 + Level 2.5 Polearms
 - Level 1.7 Dodging
 - Level 1.7 Stealth
 * Level 4.6 Spellcasting
 + Level 4.8 Necromancy


You had 7 spell levels left.
You knew the following spells:

 Your Spells              Type           Power      Damage    Failure   Level
a - Necrotise             Necr           100%       1d9       3%          1
b - Vampiric Draining     Necr           25%        2d7       10%         3
c - Animate Dead          Necr           25%        N/A       32%         4

Your spell library contained the following spells:

 Spells                   Type           Power      Damage    Failure   Level
 Scorch                   Fire           8%         2d5       36%         2
 Agony                    Necr           25%        N/A       67%         5
 Flame Wave               Conj/Fire      4%         2d5       94%         4
 Summon Cactus Giant      Summ           2%         N/A       100%        6


Dungeon Overview and Level Annotations

Branches:
Dungeon (5/15)
 Temple: D:4-7


Innate Abilities, Weirdness & Mutations

You have an increased reservoir of magic. (+10% MP)
You shall have no god before yourself.
Your divine heritage dramatically boosts your attributes as you level up.


Message History

The hound bites you.
You barely miss the hound.
The hound is almost dead.
The hound closely misses you. The hound bites you but does no damage.
You hit the hound.
You kill the hound!
You have reached level 7!
You see here a hound corpse.
You see here 4 stones.
Found a stone staircase leading down.
A shadow imp comes into view.
The shadow imp shouts, "Scamper away, thou rough-hewn nut-hook lewdster!"
Your +2 spear of venom stops dripping with poison.
Your +1 mace of holy wrath softly glows with a divine radiance!
g - a +1 mace of holy wrath (weapon)
The shadow imp gestures at you. Pain shoots through your body!
The shadow imp gestures at you. Pain shoots through your body!
The shadow imp closely misses you.
You hit the shadow imp.
The shadow imp convulses.
The shadow imp is almost dead.
The shadow imp hits you. The shadow imp gestures at you.
Pain shoots through your body!
* * * LOW HITPOINT WARNING * * *
You barely miss the shadow imp.
The shadow imp is almost dead.
The shadow imp hits you but does no damage.
You closely miss the shadow imp.
The shadow imp is almost dead.
The shadow imp hits you.
* * * LOW HITPOINT WARNING * * *
The shadow imp spits at you.
The shadow imp hits you but does no damage.
You barely miss the shadow imp.
The shadow imp is almost dead.
The shadow imp gestures at you. Pain shoots through your body!
You die...

.## #.# #.#.... ..#
#.####.. #. #.# #...<#..
.# #.## ######.# #..#
##.# ##.#####.. #..
.......#...# #.#
...........# ##5#
...........## #.@#
.......#....###.##
.......#....##..#
)......#....##.##
.......#.......#
.......#...##>.#########
####.......##.##.....†.#
####......##.##.#####.#
#..<(...#....##.#.....#


You could see a shadow imp.

Vanquished Creatures
  A phantom (D:4)
  A necrophage (D:5)
  A scorpion (D:4)
  2 orc priests (D:5)
  3 hounds
  Jessica (D:3)
  An iguana (D:5)
  Ijyb (D:4)
  An orc wizard (D:4)
  6 adders
  3 gnolls (D:5)
  2 ufetubi (D:5)
  4 worms
  3 dart slugs (D:1)
  10 orcs
  5 ball pythons
  5 endoplasms
  6 giant cockroaches
  3 goblins
  3 hobgoblins
  2 jackals (D:3)
  4 quokkas
  5 bats
  2 frilled lizards (D:1)
  6 kobolds
  5 rats
86 creatures vanquished.

Vanquished Creatures (collateral kills)
  A ball python (D:1)
1 creature vanquished.

Vanquished Creatures (others)
  An orc (D:4)
1 creature vanquished.

Grand Total: 88 creatures vanquished

Notes
Turn   | Place    | Note
-------+----------+-------------------------------------------
     0 | D:1      | tizbic2 the Demigod Necromancer began the quest for the
                  | Orb.
     0 | D:1      | Reached XP level 1. HP: 14/14 MP: 5/5
   258 | D:1      | Reached XP level 2. HP: 15/22 MP: 4/7
  1078 | D:2      | Reached skill level 1 in Fighting
  1506 | D:2      | Reached XP level 3. HP: 22/28 MP: 7/9
  1587 | D:2      | Learned a level 3 spell: Vampiric Draining
  2244 | D:3      | Noticed Jessica
  2248 | D:3      | Killed Jessica
  2324 | D:3      | Reached XP level 4. HP: 35/35 MP: 9/11
  2832 | D:3      | Reached skill level 1 in Polearms
  3027 | D:3      | Noticed a spectral centipede
  3027 | D:3      | Noticed a spectral black mamba
  3027 | D:3      | Noticed a spectral cane toad
  3124 | D:4      | Noticed Ijyb
  3288 | D:4      | Learned a level 4 spell: Animate Dead
  3402 | D:4      | Reached XP level 5. HP: 31/41 MP: 4/12
  3767 | D:4      | Reached XP level 6. HP: 25/50 MP: 14/14
  4000 | D:4      | Killed Ijyb
  4402 | D:5      | Entered Level 5 of the Dungeon
  5032 | D:5      | Reached XP level 7. HP: 56/57 MP: 17/17
  5068 | D:5      | Killed from afar by a shadow imp

Illustrated notes

Levels and vault maps discovered:
D:1:      dpeg_arrival_yet_another_circle, layout_rooms,
          minmay_misc_feat_rugged, amcnicky_mini_rare_corridor_liquid,
          grunt_decor_mini_mirrors
D:2:      layout_loops_corners, dreamdust_ecumenical_altar_hidden_monk_grotto
D:3:      layout_basic, pdpol_wu_jian_five_deadly_venoms,
          chequers_serial_rivers_micro_c, kennysheep_generic_room_14,
          uniq_jessica
D:4:      layout_loops_cross, mainiacjoe_overflow_chevrons,
          grunt_gozag_breadcrumbs, uniq_ijyb
D:5:      layout_basic

Skill      XL: |  1  2  3  4  5  6 |
---------------+-------------------+-----
Spellcasting   | 2 3 4 |  4.6
Fighting       | 1 2 3 |  3.0
Necromancy     | 4 |  4.8
Polearms       | 1 2 |  2.5
Dodging        | |  1.7
Stealth        | |  1.7

Action                   |  1- 3 |  4- 6 |  7- 9 || total
-------------------------+-------+-------+-------++-------
Melee: Club              |    55 |       |       ||    55
       Unarmed           |     3 |       |       ||     3
       Spear             |    45 |   113 |       ||   158
       Punch             |     2 |     1 |       ||     3
       Mace              |       |    29 |     4 ||    33
 Fire: Sling             |       |    11 |       ||    11
 Cast: Necrotise         |    50 |    33 |       ||    83
       Vampiric Draining |       |     6 |       ||     6
  Use: Scroll            |     2 |     9 |       ||    11
 Stab: Sleeping          |     3 |     1 |       ||     4
       Distracted        |       |     1 |       ||     1
Armor: Leather armour    |    55 |    19 |       ||    74
       Ring mail         |       |    25 |     2 ||    27
Dodge: Dodged            |    64 |    74 |     1 ||   139
